Map: Abiogenesis LE

Players

unhedged - Winner!

  • Race: Terran Terran
  • League: Diamond
  • Spawn Location: 11:00

puppysniper

  • Race: Terran Terran
  • League: Diamond
  • Spawn Location: 5:00

VOD

Have the link to the VOD?

Description

Time

  • Played on: March 22, 2018, 7:58 p.m.
  • Length: 6:19
Show
View Real Time Build Order
Export as new Build Order

unhedged Terran - Winner!

Build Orders:  

Get SALT Encoding   

  12  0:01  SCV  
  13  0:13  Supply Depot  
  13  0:20  SCV  
  14  0:26  Refinery  
  14  0:32  SCV  
  15  0:44  Barracks  
  15  0:47  SCV  
  16  0:56  Refinery  
  16  0:59  SCV  
  17  1:11  SCV  
  18  1:23  SCV  
  19  1:34  Reaper  
  19  1:37  Factory  
  20  1:45  Orbital Command  
  20  2:02  Supply Depot  
  20  2:12  Barracks Reactor, SCV  
  21  2:24  Widow Mine  
  23  2:35  Starport  
  21  3:06  Barracks Tech Lab  
  21  3:08  Hellion x2  
  21  3:10  SCV  
  26  3:19  Supply Depot  
  26  3:28  Marine  
  26  3:30  Hellion x2  
  31  3:43  Medivac  
  31  3:48  Marine  
  34  4:00  SCV  
  35  4:21  Command Center  
  35  4:29  SCV  
  36  4:32  Supply Depot  
  36  4:37  Cyclone  
  39  4:46  Liberator  
  39  4:54  Cyclone, Marine  
  39  4:58  Supply Depot  
  39  4:59  SCV  
  46  5:20  Cyclone  
  47  5:31  Cyclone  
  53  6:04  SCV  
  53  6:08  Supply Depot  
Show
View Real Time Build Order
Export as new Build Order

puppysniper Terran 

Build Orders:  

Get SALT Encoding   

  12  0:02  SCV  
  13  0:17  Supply Depot, SCV  
  14  0:29  SCV  
  15  0:40  Barracks  
  15  0:42  SCV  
  16  0:49  Refinery  
  16  0:54  SCV  
  17  0:59  Refinery  
  17  1:06  SCV  
  18  1:19  SCV  
  19  1:30  Supply Depot  
  19  1:31  SCV  
  21  1:35  Reaper  
  21  1:43  SCV  
  22  1:55  SCV  
  23  2:02  Command Center  
  23  2:07  SCV  
  24  2:11  Reaper  
  25  2:19  SCV  
  26  2:29  Factory  
  26  2:50  SCV  
  27  3:05  SCV  
  27  3:06  Barracks Reactor  
  27  3:12  Factory  
  27  3:19  Factory Reactor  
  27  3:24  Orbital Command  
  27  3:38  Refinery  
  27  3:54  SCV  
  28  3:59  Cyclone x2  
  34  4:06  SCV  
  35  4:11  Supply Depot  
  35  4:15  Cyclone x2  
  41  4:20  Orbital Command  
  41  4:33  Supply Depot  
  41  4:39  Refinery  
  41  4:46  Cyclone x2  
  41  4:49  SCV  
  48  4:56  Supply Depot  
  48  5:00  SCV  
  48  5:01  SCV  
  50  5:12  SCV  
  50  5:13  SCV  
  42  5:25  SCV  
  43  5:37  SCV  
  44  5:44  Cyclone  
  48  5:50  SCV  
Tags
 
Matchup
TvT
Race
Terran
Spawn Locations
Cross Positions
Add a new tag
Caveats
  • Supply blocks, unpowered buildings, or Contaminate may cause inaccurate times.
  • Supply counts are checked every 10 seconds.